 Dungeon Crawl Stone Soup version 0.17-a0-1446-gc28613e (webtiles) character file.

8173 urechis the Grappler (level 11, -14/100 HPs)
             Began as a Troll Monk on June 28, 2015.
             Demolished by a minotaur (29 damage)
             ... in a labyrinth.
             The game lasted 00:29:00 (10111 turns).

urechis the Grappler (Troll Monk)                  Turns: 10111, Time: 00:29:01

Health: -14/100    AC: 12    Str: 22    XL:     11   Next: 6%
Magic:  11/11      EV:  8    Int:  6    God:
Gold:   526        SH:  0    Dex: 14    Spells: 0 memorised, 10 levels left

rFire  . . .     SeeInvis +       - Unarmed
rCold  . . .     Clarity  .     B - +0 storm dragon armour
rNeg   . . .     SustAt   .     (no shield)
rPois  .         Gourm    +     (helmet restricted)
rElec  +         Spirit   .     (no cloak)
rCorr  .         Warding  .     (gloves unavailable)
rMut   .         Stasis   .     (boots unavailable)
MR     +....                    (no amulet)
Stlth  ..........               g - ring of protection from magic
                                I - ring of see invisible

@: very slightly contaminated, hasted, invisible, very quick, somewhat resistant
to hostile enchantments, extremely unstealthy
A: unfitting armour, claws 3, deformed body, fast metabolism 3, gourmand,
regeneration 2, shaggy fur 1, tough skin 2
a: no special abilities


You were in a labyrinth.
You were not hungry.

You visited 3 branches of the dungeon, and saw 14 of its levels.
You also visited: Labyrinth.

You collected 526 gold pieces.

Inventory:

Hand weapons
 a - a +0 blowgun
Missiles
 v - 3 throwing nets (quivered)
 D - 21 poisoned needles
Armour
 B - a +0 storm dragon armour (worn)
Jewellery
 g - a ring of protection from magic (right claw)
 I - a ring of see invisible (left claw)
Magical devices
 j - a wand of magic darts (26)
 p - a wand of polymorph (9)
 x - a wand of frost (35)
 F - a wand of digging (13)
 K - a wand of digging (9)
Scrolls
 e - a scroll of enchant armour
 h - 3 scrolls of amnesia
 k - 3 scrolls of teleportation
 o - a scroll of identify
 r - 3 scrolls of fog
 s - a scroll of vulnerability {unknown}
 w - 5 scrolls of recharging
 E - a scroll of fear
 N - 5 scrolls of remove curse
Potions
 i - a potion of curing
 n - a potion of agility
 q - a potion of might
 t - a potion of berserk rage
Comestibles
 b - 10 bread rations
 c - 2 royal jellies
 m - 3 beef jerkies
 y - 9 fruits
 A - 5 meat rations
 L - a slice of pizza


   Skills:
 + Level 4.2 Fighting
 - Level 10.3 Armour
 + Level 4.1 Dodging
 - Level 1.1 Stealth
 - Level 10.5 Unarmed Combat
 - Level 2.6 Evocations


You had 10 spell levels left.
You didn't know any spells.

Dungeon Overview and Level Annotations

Branches:
Dungeon (9/15)             Temple (1/1) D:7            Lair (4/8) D:9
  Swamp: Lair:3-6    Shoals: Lair:3-6     Snake: Lair:3-6    Spider: Lair:3-6
    Orc: D:9-12

Altars:
Ashenzari
Cheibriados
Dithmenos
Elyvilon
Fedhas
Gozag
Kikubaaqudgha
Makhleb
Nemelex Xobeh
Okawaru
Qazlal
Ru
Sif Muna
Trog
Vehumet
Xom
Yredelemnul
Zin
The Shining One

Annotations:
Lair:3 Nergalle


Innate Abilities, Weirdness & Mutations

You are too large for most types of armour.
You have claws for hands.
Your metabolism is lightning-fast.
You like to eat raw meat.
You heal very quickly.
You are covered in fur (AC +1).
You have very tough skin (AC +2).
Armour fits poorly on your strangely shaped body.


Message History

The minotaur is moderately wounded.
The minotaur hits you!! The minotaur gores you!
You scratch the minotaur.
The minotaur is moderately wounded.
The minotaur hits you!! The minotaur gores you!
* * * LOW HITPOINT WARNING * * *
You scratch the minotaur.
The minotaur is moderately wounded.
Drink which item? (? for menu, Esc to quit)
You feel yourself speed up. The minotaur barely misses you.
The minotaur gores you!
* * * LOW HITPOINT WARNING * * *
Drink which item? (? for menu, Esc to quit)
You fade into invisibility!
The minotaur barely misses you. The minotaur gores you!
* * * LOW HITPOINT WARNING * * *
You closely miss the minotaur. You claw the minotaur.
The minotaur is heavily wounded.
The minotaur hits you!!
You die...

##. ... ..#
▓ . ▓.##
▓▓▓+▓ ▓..#
▓..⌠.▓▓▓..#
..# ▓
+⌠..H@.'..#
#.#
▓...<▓▓▓.##
#.# ▓ ▓.⌠..
▓..# # .# ▓
▓▓+▓▓ ▓..#
. #.▓ ▓..#
#.#.▓▓▓
▓▓▓▓▓.##.#
#.#...... .
.. . ## . #
..##.####..
## # ...
.... . .
.#.#


You could see a minotaur (bleeding).

Vanquished Creatures
  Pikel (D:5)
  A spiny frog (Lair:4)
  A gargoyle (Lab)
  A two-headed ogre (D:8)
  A slime creature (D:8)
  A spriggan (D:9)
  A basilisk (Lair:4)
  2 wyverns (D:8)
  2 hippogriffs
  5 wolves (Lair:1)
  2 water moccasins
  5 porcupines
  A slave (D:5)
  An eye of draining (D:8)
  2 sky beasts (D:9)
  A necrophage (D:4)
  2 ice beasts
  An orc warrior (D:8)
  3 ogres
  2 big kobolds
  6 crocodiles
  4 centaurs
  8 giant frogs
  2 scorpions
  6 killer bees (D:8)
  2 electric eels (Lair:1)
  4 lava snakes (Lab)
  4 crimson imps
  2 centaur zombies
  8 hounds
  A giant frog skeleton (D:8)
  4 orc priests
  A centaur skeleton (D:6)
  Natasha (twice) (D:2)
  An iguana (Lair:1)
  15 sheep
  7 orc wizards
  7 worker ants
  3 hound zombies
  A hound skeleton (D:3)
  13 river rats
  3 gnolls (D:2)
  A shadow imp (D:8)
  8 adders
  An adder skeleton (D:7)
  An ooze (D:4)
  4 worms
  5 giant geckos
  22 orcs
  8 bats
  A bat skeleton (D:7)
  2 giant cockroaches
  14 goblins
  16 hobgoblins
  6 jackals
  7 quokkas
  A ball python (D:2)
  13 giant newts
  A jackal skeleton (D:7)
  18 kobolds
  22 rats
291 creatures vanquished.

Vanquished Creatures (others)
  A phantom (D:5)
  A slave (D:5)
  A rat (D:5)
  A plant (D:9)
4 creatures vanquished.

Grand Total: 295 creatures vanquished

Notes
Turn   | Place    | Note
--------------------------------------------------------------
     0 | D:1      | urechis the Troll Monk began the quest for the Orb.
     0 | D:1      | Reached XP level 1. HP: 22/22 MP: 0/0
   124 | D:1      | Reached XP level 2. HP: 10/29 MP: 1/1
   666 | D:2      | Reached skill level 5 in Unarmed Combat
   666 | D:2      | Reached XP level 3. HP: 31/36 MP: 2/2
   712 | D:2      | Noticed Natasha
   756 | D:2      | Killed Natasha
   756 | D:2      | Reached XP level 4. HP: 40/44 MP: 3/3
   809 | D:2      | Noticed Natasha
   816 | D:2      | Killed Natasha
   816 | D:2      | Reached skill level 6 in Unarmed Combat
  1317 | D:3      | Found a shimmering altar of Xom.
  1400 | D:3      | Reached XP level 5. HP: 39/50 MP: 4/4
  1563 | D:3      | Noticed a moth of wrath
  1566 | D:3      | Found a bloodstained altar of Trog.
  2024 | D:4      | Noticed an ogre
  2030 | D:4      | Killed an ogre
  2030 | D:4      | Reached skill level 7 in Unarmed Combat
  2030 | D:4      | Reached XP level 6. HP: 51/59 MP: 5/5
  2298 | D:4      | Found a sparkling altar of Nemelex Xobeh.
  2352 | D:4      | Found a shattered altar of Ashenzari.
  2795 | D:4      | Reached skill level 8 in Unarmed Combat
  2956 | D:4      | Found a glowing golden altar of the Shining One.
  3117 | D:5      | Entered Level 5 of the Dungeon
  3172 | D:5      | Reached XP level 7. HP: 64/66 MP: 6/6
  3255 | D:5      | Reached skill level 9 in Unarmed Combat
  3348 | D:5      | Noticed Pikel
  3363 | D:5      | Killed Pikel
  3363 | D:5      | Reached skill level 10 in Unarmed Combat
  3363 | D:5      | Reached XP level 8. HP: 50/74 MP: 7/7
  3815 | D:5      | Found a blossoming altar of Fedhas.
  3989 | D:6      | Found a shadowy altar of Dithmenos.
  4002 | D:6      | Reached skill level 1 in Evocations
  4127 | D:6      | Found a deep blue altar of Sif Muna.
  4275 | D:6      | You fall through a shaft for 2 floors!
  4356 | D:7      | Reached skill level 1 in Armour
  4359 | D:7      | Found a staircase to the Ecumenical Temple.
  4530 | D:7      | Found an iron altar of Okawaru.
  4562 | D:6      | Reached XP level 9. HP: 63/83 MP: 9/9
  4688 | D:6      | Found a deep blue altar of Sif Muna.
  5370 | D:7      | Found a burning altar of Makhleb.
  5461 | D:7      | Reached skill level 5 in Armour
  5494 | Temple   | Entered the Ecumenical Temple
  5811 | D:8      | Found a white marble altar of Elyvilon.
  6102 | D:8      | Noticed a two-headed ogre
  6111 | D:8      | Killed a two-headed ogre
  6720 | D:8      | Reached XP level 10. HP: 58/91 MP: 4/10
  7092 | D:9      | Gained mutation: You evolve. [mutagenic meat]
  7093 | D:9      | Gained mutation: You have a pair of small horns on your head. [mutagenic meat]
  7108 | D:9      | Found an opulent altar of Gozag.
  7314 | D:9      | Found a staircase to the Lair.
  7739 | D:9      | Gained mutation: Scrolls take you a little longer to read. [mutagenic meat]
  7740 | D:9      | Gained mutation: Your mind is acute. (Int +2) [mutagenic meat]
  7817 | D:9      | Found a stormy altar of Qazlal.
  7882 | D:9      | Identified a scroll of acquirement
  7902 | Lair:1   | Entered Level 1 of the Lair of Beasts
  8030 | Lair:1   | Reached skill level 10 in Armour
  8347 | Lair:1   | Lost mutation: Scrolls take you a little longer to read. [evolution]
  8486 | Lair:1   | Noticed a four-headed hydra
  8715 | Lair:3   | Noticed Nergalle
  8729 | Lair:3   | Noticed a spectral orc warlord
  8751 | Lair:4   | Found a labyrinth entrance.
  8853 | Lair:4   | Reached XP level 11. HP: 98/100 MP: 11/11
  8944 | Lab      | Entered a labyrinth
  9974 | Lab      | Lost mutation: Your mind is acute. (Int +2) [potion of cure mutation]
  9974 | Lab      | Lost mutation: You evolve. [potion of cure mutation]
  9974 | Lab      | Lost mutation: You have a pair of small horns on your head. [potion of cure mutation]
  9997 | Lab      | Gained mutation: Your body sometimes deteriorates upon taking damage. [potion of mutation]
  9997 | Lab      | Lost mutation: Your body sometimes deteriorates upon taking damage. [potion of mutation]
  9997 | Lab      | Gained mutation: Armour fits poorly on your strangely shaped body. [potion of mutation]
 10103 | Lab      | Noticed a minotaur
 10111 | Lab      | Demolished by a minotaur

Vault maps used:
D:1:      dpeg_arrival_signposts, minmay_misc_feat_chi
D:2:      first_bread, grunt_ministairs_2, uniq_natasha
D:3:      tgw_trog, old_standard_altar
D:4:      old_standard_altar, nemelex_deck, kennysheep_minor_cross, tso_altar
D:5:      lemuel_coloured_pillars_altar, kennysheep_generic_room_13, uniq_pikel
D:6:      kennysheep_mini_moat, lemuel_crystal_altar, led_sif_pool
D:7:      makhleb_grotto_becter, overflow_temple_1_default, temple_fountains,
          kennysheep_generic_room_14
D:8:      overflow_temple_1_default
D:9:      nicolae_qazlal_eye_of_the_storm, minmay_lair_entry_grove, the_bakery,
          grunt_gozag_statues
Temple:   jpeg_temple_alley_garden_8
Lair:1:   st_stairs_11, serial_bayou_shore_a
Lair:3:   serial_bayou_shore_b, uniq_nergalle
Lair:4:   lab_entry_generic, lemuel_fruit_fields
Lab:      labyrinth_hidden_loot, labyrinth_lava_lair, nicolae_lab_stuck,
          nicolae_lab_statue, labyrinth_skeletal_remains, lab_fountain,
          nicolae_lab_starburst, nicolae_lab_grate

Action                   |  1- 3 |  4- 6 |  7- 9 | 10-12 || total
-------------------------+-------+-------+-------+-------++-------
Melee: Unarmed           |   108 |   154 |   382 |   290 ||   934
 Fire: Blowgun           |       |       |     4 |       ||     4
  Use: Scroll            |       |       |       |    12 ||    12
       Potion            |       |       |       |    15 ||    15
 Stab: Sleeping          |     1 |     2 |       |       ||     3
  Eat: Chunk             |     8 |    20 |    29 |    31 ||    88
       Bread ration      |       |       |       |     2 ||     2
